 Dungeon Crawl Stone Soup version 0.21.1 (webtiles) character file.

198 letownia2 the Skirmisher (level 6, 52/52 HPs)
             Began as a Formicid Artificer on Feb 3, 2018.
             Quit the game on level 6 of the Dungeon.
             The game lasted 00:03:13 (1682 turns).

letownia2 the Skirmisher (Formicid Artificer)       Turns: 1682, Time: 00:03:14

Health: 52/52      AC:  3    Str: 17    XL:     6   Next: 5%
Magic:  8/8        EV: 12    Int: 12    God:
Gold:   39         SH:  0    Dex: 14    Spells: 5/5 levels left

rFire    . . .     SeeInvis +   a - +0 short sword
rCold    . . .     Gourm    .   (no shield)
rNeg     . . .     Faith    .   b - +0 leather armour
rPois    .         Spirit   .   (helmet unavailable)
rElec    .         Reflect  .   (no cloak)
rCorr    .         Harm     .   (no gloves)
MR       .....                  (no boots)
Stlth    ++........             (no amulet)
HPRegen  0.17/turn              o - +3 ring of dexterity
MPRegen  0.11/turn              (no ring)

@: no status effects
A: permanent stasis, dig shafts and tunnels, four strong arms, antennae 3
a: Dig, Shaft Self


You were on level 6 of the Dungeon.
You were hungry.

You visited 1 branch of the dungeon, and saw 4 of its levels.

You collected 39 gold pieces.

Inventory:

Hand Weapons
 a - a +0 short sword (weapon)
Armour
 b - a +0 leather armour (worn)
Jewellery
 o - a +3 ring of dexterity (left hand)
Wands
 c - a wand of flame (6)
 d - a wand of enslavement (15)
 e - a wand of random effects (7)
Scrolls
 h - a scroll of teleportation {unknown}
 i - 3 scrolls of fear {unknown}
 l - a scroll of amnesia {unknown}
 m - a scroll of fog {unknown}
 n - a scroll of identify {unknown}
Potions
 g - a potion of cancellation {unknown}
 j - a potion of degeneration {unknown}
 k - a potion of might {unknown}
 p - 2 potions of magic {unknown}
Comestibles
 f - a ration


   Skills:
 + Level 6.0 Fighting
 - Level 1.0 Short Blades
 - Level 1.7 Dodging
 - Level 1.2 Stealth
 - Level 3.2 Evocations


You had 5 spell levels left.
You didn't know any spells.

Dungeon Overview and Level Annotations

Branches:
Dungeon (3/15)

Altars:
Ru
Trog
Xom

Annotations:
D:6 Prince Ribbit


Innate Abilities, Weirdness & Mutations

You cannot be hasted, slowed, berserked, paralysed or teleported.
You can dig through walls and to a lower floor.
Your four strong arms can wield two-handed weapons with a shield.
You have a pair of large antennae on your head. (SInv)


Message History

Your experience leads to an increase in your attributes!
Your base attributes are Str 17, Int 11, Dex 11.
Increase (S)trength, (I)ntelligence, or (D)exterity?
You feel clever.
Unknown command.
You start waiting.
You are feeling hungry.
A leopard gecko comes into view.
The leopard gecko moves out of view.
You sense a monster nearby.
A worker ant comes into view.
A worker ant is nearby!
A worker ant is nearby!
A worker ant is nearby!
Put on which piece of jewellery? (? for menu, Esc to quit)
Okay, then.
Wear which item? (? for menu, Esc to quit)
Okay, then.
Okay, then.
Are you sure you want to abandon this character and quit the game? (Confirm with "yes".)

#.###....##.#
####.###........
#............###
.......#.........#
..###.###........#
#.. ##.....#.{
.... #....##
.#..a.####..##
#.##....@...#
###..###..... #..
#..... #.# ##...
#. #.. .. .. ##


You could see a worker ant (sleeping).

Vanquished Creatures
  An ice beast (D:6)
  An ogre (D:6)
  An adder (D:6)
  A leopard gecko (D:3)
  A giant cockroach (D:2)
  A hobgoblin (D:2)
  3 jackals (D:1)
  2 bats
  3 kobolds
  5 rats
19 creatures vanquished.

Notes
Turn   | Place    | Note
-------+----------+-------------------------------------------
     0 | D:1      | letownia2 the Formicid Artificer began the quest for the Orb.
     0 | D:1      | Reached XP level 1. HP: 15/15 MP: 3/3
   259 | D:1      | Reached skill level 2 in Fighting
   260 | D:1      | Reached XP level 2. HP: 20/22 MP: 4/4
   329 | D:1      | You fall through a shaft!
   455 | D:1      | You fall through a shaft!
   580 | D:1      | You fall through a shaft!
  1043 | D:3      | You fall through a shaft for 3 floors!
  1056 | D:6      | Noticed an ice beast
  1070 | D:6      | Reached skill level 3 in Fighting
  1070 | D:6      | Reached XP level 3. HP: 14/29 MP: 5/5
  1075 | D:6      | Killed an ice beast
  1075 | D:6      | Reached skill level 5 in Fighting
  1075 | D:6      | Reached XP level 4. HP: 9/39 MP: 6/6
  1075 | D:6      | Reached XP level 5. HP: 10/44 MP: 7/7
  1280 | D:6      | Found a shimmering altar of Xom.
  1282 | D:6      | Noticed Prince Ribbit
  1285 | D:6      | Found a bloodstained altar of Trog.
  1286 | D:6      | Found a sacrificial altar of Ru.
  1548 | D:6      | Noticed an ogre
  1556 | D:6      | Killed an ogre
  1556 | D:6      | Reached skill level 6 in Fighting
  1556 | D:6      | Reached XP level 6. HP: 52/52 MP: 8/8
  1682 | D:6      | Quit the game

Skill      XL: |  1  2  3  4  5 |
---------------+----------------+-----
Fighting       | 2 3 5 6 |  6.0
Short Blades   | |  1.0
Dodging        | |  1.7
Stealth        | |  1.2
Evocations     | |  3.2

Action                   |  1- 3 |  4- 6 || total
-------------------------+-------+-------++-------
Melee: Short sword       |    72 |     1 ||    73
 Abil: Shaft Self        |     3 |       ||     3
       Dig               |       |     1 ||     1
Evoke: Wand              |     7 |    10 ||    17
  Eat: Chunk             |     2 |     1 ||     3
Armor: Leather armour    |    62 |       ||    62
Dodge: Dodged            |   105 |     2 ||   107
